 Dungeon Crawl Stone Soup version bcrawl-1.21.3-2-g9d8a61a446 (webtiles) character file.

Game seed: 2235544445259096363

361 funkygono the Shield-Bearer (level 6, -1/42 HPs)
             Began as a Fairy Fighter on Apr 19, 2020.
             Killed by nerve-wracking pain
             ... invoked by Menkaure
              (14 damage)
             ... on level 4 of the Dungeon.
             The game lasted 00:06:36 (3341 turns).

funkygono the Shield-Bearer (Fairy Fighter)         Turns: 3341, Time: 00:06:36

Health: -1/42      AC:  6    Str: 16    XL:     6   Next: 66%
Magic:  8/8        EV: 16    Int: 12    God:
Gold:   196        SH: 15    Dex: 11    Spells: 5/5 levels left

rFire    . . .     SeeInvis .   a - +1 rapier
rCold    . . .     Gourm    .   b - +0 medium shield
rNeg     . . .     Faith    .   (armour unavailable)
rPois    .         Spirit   .   n - +0 helmet
rElec    .         Reflect  .   (no cloak)
rCorr    .         Harm     .   (no gloves)
MR       .....                  (no boots)
Stlth    ..........             (no amulet)
HPRegen  0.14/turn              (no ring)
MPRegen  0.11/turn              (no ring)

@: flying evasively
A: small, magic attunement, unstealthy, unfitting armour, able to fly, AC/SH +5
a: Stop Flying


You were on level 4 of the Dungeon.
You were not hungry.

You visited 1 branch of the dungeon, and saw 4 of its levels.

You collected 196 gold pieces.

Inventory:

Hand Weapons
 a - a +1 rapier (weapon)
Missiles
 h - 580 stones (quivered)
Armour
 b - a +0 medium shield (worn)
 n - a +0 helmet (worn)
Scrolls
 k - a scroll of blinking {unknown}
 m - a scroll of magic mapping
 o - 2 scrolls of remove curse
 q - a scroll of fear {unknown}
Potions
 c - 2 potions of might
 d - 2 potions of flight
 f - a potion of invisibility
 i - a potion of heal wounds
 j - a potion of curing
 l - a potion of lignification {unknown}
 p - a potion of mutation {unknown}
Comestibles
 e - 4 rations {!d}
 g - 7 chunks of flesh


   Skills:
 + Level 3.4 Fighting
 + Level 4.5 Short Blades
 + Level 5.3 Dodging
 + Level 5.6 Shields


You had 5 spell levels left.
You didn't know any spells.
Your spell library was empty.

Dungeon Overview and Level Annotations

Branches:
Dungeon (4/12)
 Temple: D:4-7

Altars:
Hepliaklqana
Lugonu
Yredelemnul

Annotations:
D:4 Menkaure


Innate Abilities, Weirdness & Mutations

Your spells do not cause hunger and MP costs are reduced by 1.
Your bright wings attract enemies. (Stealth-)
You cannot fit into any form of body armour.
Your shimmering scales are hard and can block incoming attacks. (AC +5, SH +5)
You are small and have problems with some larger weapons.
You can fly continuously.


Message History

You see here an iguana skeleton.
You hit the black bear.
The black bear is heavily wounded.
Menkaure calls on the powers of darkness!
The black bear convulses!
Your body is wracked with pain!
You block the black bear's attack.
The black bear claws you but does no damage.
You block the black bear's attack.
You hit the black bear.
The black bear is severely wounded.
The black bear barely misses you.
The black bear claws you but does no damage.
The black bear claws you.
You closely miss the black bear.
The black bear is severely wounded.
You puncture the black bear!
You kill the black bear!
Menkaure casts a spell at you. Pain shoots through your body!
You die...

.......#...+....#
.......#...#....#
.......#...#.M..#
.......#...##h###
.......#...##...#
.......#....#...#
.......#....#..######
.......'....#..##...##
......<#....#.M.@....#
.......#...##..##....#
.......#...##..##....#
.......#....'..#....#####
.......######..'....##..#
.......# #..##...##..#
.......+ #..##..[##..#
.......# #...#.......#
.......# #...#.......#


You could see Menkaure.

Vanquished Creatures
  A black bear (D:4)
  An ogre (D:4)
  A howler monkey (D:3)
  An iguana (D:4)
  4 gnolls
  5 adders (D:3)
  8 worms
  2 dart slugs (D:3)
  4 leopard geckos
  3 orcs
  2 ball pythons
  6 giant cockroaches
  A goblin (D:1)
  7 hobgoblins
  3 jackals
  3 kobolds
  2 quokkas (D:2)
  8 bats
  5 frilled lizards
  7 rats
74 creatures vanquished.

Notes
Turn   | Place    | Note
-------+----------+-------------------------------------------
     0 | D:1      | funkygono the Fairy Fighter began the quest for the Orb.
     0 | D:1      | Reached XP level 1. HP: 15/15 MP: 3/3
   195 | D:1      | Reached XP level 2. HP: 20/20 MP: 4/4
   438 | D:1      | Reached XP level 3. HP: 14/25 MP: 5/5
   918 | D:2      | Found a corrupted altar of Lugonu.
  1567 | D:2      | Found a basalt altar of Yredelemnul.
  1708 | D:2      | Reached XP level 4. HP: 31/31 MP: 6/6
  1931 | D:2      | Found a hazy altar of Hepliaklqana.
  2238 | D:3      | Reached skill level 5 in Dodging
  2238 | D:3      | Reached XP level 5. HP: 4/36 MP: 7/7
  2843 | D:3      | Reached skill level 5 in Shields
  3123 | D:4      | Noticed an ogre
  3134 | D:4      | Killed an ogre
  3134 | D:4      | Reached XP level 6. HP: 42/42 MP: 8/8
  3321 | D:4      | Noticed Menkaure
  3321 | D:4      | Noticed a black bear
  3341 | D:4      | Killed a black bear
  3341 | D:4      | Killed from afar by Menkaure

Skill      XL: |  1  2  3  4  5 |
---------------+----------------+-----
Shields        | 4 5 |  5.6
Fighting       | 3 |  3.4
Short Blades   | 3 4 |  4.5
Dodging        | 5 |  5.3

Action                   |  1- 3 |  4- 6 || total
-------------------------+-------+-------++-------
Melee: Rapier            |   163 |   178 ||   341
  Use: Scroll            |     3 |     7 ||    10
       Potion            |       |     1 ||     1
  Eat: Chunk             |     3 |     5 ||     8
Armor: Skin              |    27 |     9 ||    36
Dodge: Dodged            |    88 |    41 ||   129
Block: Medium shield     |   133 |   125 ||   258
